 Dungeon Crawl Stone Soup version 0.29-a0-284-gf9362112df (webtiles) character file.

Game seed: 1099793357144768328

32111 siradein the Basher (level 13, -32/114 HPs)
             Began as a Minotaur Fighter on Mar 31, 2022.
             Was a Priest of Yredelemnul.
             Annihilated by a death yak (53 damage)
             ... on level 5 of the Lair of Beasts.
             The game lasted 00:32:18 (16496 turns).

siradein the Basher (Minotaur Fighter)             Turns: 16496, Time: 00:32:19

Health: -32/114    AC: 20    Str: 28    XL:     13   Next: 29%
Magic:  25/26      EV:  2    Int:  5    God:    Yredelemnul [***...]
Gold:   1289       SH:  0    Dex: 12    Spells: 12/12 levels left

rFire   . . .      SeeInvis +   S - +7 flail "Dragonslayer" {protect, rElec rF- rN+}
rCold   + . .      Faith    .   c - +0 buckler
rNeg    + . .      Spirit   .   D - +3 chain mail {rC+}
rPois   .          Reflect  +   (helmet restricted)
rElec   +          Harm     .   B - +0 cloak
rCorr   .          Rampage  .   Y - -1 pair of gloves "Ethyjy" {rF+ MP+9 Str+8 Dex-4}
Will    .....                   O - +2 pair of boots
Stlth   ..........              K - amulet of reflection
HPRegen 0.29/turn               h - +4 ring of evasion
MPRegen 0.20/turn               a - ring of see invisible

@: sleeping
A: horns 2, retaliatory headbutt
a: Renounce Religion, Recall Undead Harvest, Dark Bargain


You were on level 5 of the Lair of Beasts.
You worshipped Yredelemnul.
Yredelemnul was noncommittal.
You visited 3 branches of the dungeon, and saw 17 of its levels.
You also visited: Ossuary.

You collected 1652 gold pieces.
You spent 363 gold pieces at shops.

Inventory:

Hand Weapons
 v - the +8 mace of Discord {vorpal, rElec rF+ Str+4 Int-2}
   (You found it on level 4 of the Dungeon)

   It inflicts extra damage upon your enemies.
   Str:       It affects your strength (+4).
   Int:       It affects your intelligence (-2).
   rF:        It protects you from fire.
   rElec:     It insulates you from electricity.
 S - the +7 flail "Dragonslayer" (weapon) {protect, rElec rF- rN+}
   (You found it on level 9 of the Dungeon)

   It grants its wielder temporary protection when it strikes (+7 to AC).
   rF:        It makes you vulnerable to fire.
   rElec:     It insulates you from electricity.
   rN:        It protects you from negative energy.
Missiles
 E - a curare-tipped dart
 J - a throwing net
Armour
 c - a +0 buckler (worn)
 B - a +0 cloak (worn)
 D - a +3 chain mail of cold resistance (worn)
 O - a +2 pair of boots (worn)
 Y - the -1 pair of gloves "Ethyjy" (worn) {rF+ MP+9 Str+8 Dex-4}
   (You found it on level 3 of the Lair of Beasts)

   Str:       It affects your strength (+8).
   Dex:       It affects your dexterity (-4).
   rF:        It protects you from fire.
   MP:        It affects your magic capacity (+9).
Jewellery
 a - a ring of see invisible (right hand)
 h - a +4 ring of evasion (left hand)
 K - an amulet of reflection (around neck)
 V - a ring of protection from fire
Wands
 e - a wand of polymorph (6)
 u - a wand of mindburst (32)
 C - a wand of flame (18)
 L - a wand of charming (17)
 M - a wand of iceblast (17)
 R - a wand of digging (6)
 T - a wand of acid (9)
Scrolls
 b - 3 scrolls of immolation
 g - 2 scrolls of amnesia
 k - 6 scrolls of magic mapping
 l - 3 scrolls of holy word {unknown}
 p - 2 scrolls of enchant armour
 q - a scroll of noise {unknown}
 r - 3 scrolls of enchant weapon
 s - a scroll of acquirement
 w - 3 scrolls of blinking {unknown}
 F - 3 scrolls of fog {unknown}
 G - 3 scrolls of brand weapon {unknown}
 I - 3 scrolls of silence
 N - a scroll of summoning {unknown}
 Q - 6 scrolls of teleportation {unknown}
 W - 4 scrolls of vulnerability {unknown}
 X - 4 scrolls of identify
 Z - a scroll of fear {unknown}
Potions
 d - a potion of might
 f - a potion of mutation {unknown}
 i - 2 potions of haste {unknown}
 j - 6 potions of brilliance
 m - 3 potions of cancellation
 n - 2 potions of ambrosia
 t - 2 potions of resistance
 x - 5 potions of flight
 z - 9 potions of curing
 A - 7 potions of heal wounds
 H - 2 potions of lignification
 P - a potion of berserk rage {unknown}
 U - a potion of invisibility {unknown}


   Skills:
 + Level 10.7 Fighting
 * Level 14.6 Maces & Flails
 + Level 10.8 Armour
 + Level 9.4 Dodging
 + Level 10.9 Shields
 + Level 6.8 Invocations
 + Level 6.2 Evocations


You had 12 spell levels left.
You didn't know any spells.
Your spell library contained the following spells:

 Spells                   Type           Power      Damage    Failure   Level
 Foxfire                  Conj/Fire      0%         2x1d4     95%         1
 Freeze                   Ice            0%         1d3       95%         1
 Sublimation of Blood     Necr           0%         N/A       99%         2
 Call Canine Familiar     Summ           0%         N/A       100%        3
 Conjure Flame            Conj/Fire      0%         6-21      100%        3
 Frozen Ramparts          Ice            0%         1d2       100%        3
 Inner Flame              Hex/Fire       0%         N/A       100%        3
 Ozocubu's Armour         Ice            0%         N/A       100%        3
 Portal Projectile        Hex/Tloc       0%         N/A       100%        3
 Cause Fear               Hex            0%         N/A       100%        4
 Flame Wave               Conj/Fire      0%         2d4       100%        4
 Hailstorm                Conj/Ice       0%         3d3       100%        4
 Leda's Liquefaction      Hex/Erth       0%         N/A       100%        4
 Petrify                  Tmut/Erth      0%         N/A       100%        4
 Irradiate                Conj/Tmut      0%         3d14      100%        5
 Lee's Rapid Deconstruct  Erth           0%         3d5*      100%        5
 Statue Form              Tmut/Erth      0%         N/A       100%        6
 Ozocubu's Refrigeration  Ice            0%         4d5       100%        7
 Discord                  Hex            0%         N/A       100%        8


Dungeon Overview and Level Annotations

Branches:
Dungeon (11/15)            Temple (1/1) D:7            Lair (5/6) D:9
 Shoals (0/4) Lair:2        Snake (0/4) Lair:4          Orc (0/2) D:10
Ossuary (visited)
  Slime: Lair:5-6

Altars:
Ashenzari
Cheibriados
Dithmenos
Elyvilon
Fedhas
Gozag
Hepliaklqana
Kikubaaqudgha
Makhleb
Nemelex Xobeh
Okawaru
Qazlal
Ru
Sif Muna
Trog
Uskayaw
Vehumet
Wu Jian
Xom
Yredelemnul
Zin
The Shining One

Shops:
D:4 (   D:9 ![(

Portals:
Trove: D:10 (give +4 ice dragon scales)

Annotations:
D:10 2 runed translucent doors
Lair:2 2 transporters
Lair:4 2 transporters, cojito's ghost, journeyman PaHu


Innate Abilities, Weirdness & Mutations

You have a pair of horns on your head.
You reflexively headbutt those who attack you in melee.


Message History

Your bound six-headed hydra bites the death yak! x2
Your bound six-headed hydra bites the death yak but does no damage. x4
Your shadow wraith hits the elephant but does no damage.
The yak gores your bound six-headed hydra!
The elephant tramples your shadow wraith.
Your shadow wraith is shoved backwards!
Your bound six-headed hydra bites the yak but does no damage.
Your bound six-headed hydra bites the yak.
Your bound six-headed hydra drains the yak.
Your bound six-headed hydra bites the yak!
Your bound six-headed hydra drains the yak.
Your bound six-headed hydra bites the yak! x2
The yak dies!
A black mist starts to gather...
The death yak attacks as you move away! The death yak gores you!
* * * LOW HITPOINT WARNING * * *
You feel yourself speed up.
The elephant barely misses your shadow wraith.
The elephant trunk-slaps your shadow wraith.
The dream sheep bites your shadow wraith.
The dream sheep ruffle their wool and motes of dream dust sparkle, to no effect.
The elephant tramples the plant!
The plant begins to die.
The elephant trunk-slaps the plant.
Your shadow wraith hits the elephant!
Your shadow wraith drains the elephant's vigour!
The elephant seems to slow down.
The yak gores your bound six-headed hydra!
The dream sheep bites your shadow wraith.
The elephant tramples your shadow wraith.
Your shadow wraith holds its ground!
The elephant trunk-slaps your shadow wraith but does no damage.
The dream sheep shake their wool and sparkle.
You feel drowsy...
You fall asleep.
The elephant tramples the plant!
The elephant trunk-slaps the plant.
Your shadow wraith barely misses the elephant.
The yak gores your bound six-headed hydra!
Your elephant zombie completely misses the yak.
Your elephant zombie trunk-slaps the yak.
The death yak gores you!!!
You die...
Your body rises from the dead as a mindless zombie.

# ##..#..#### ##.PP...P....
#####....P....## ....P.......
.............#.# P..........
..............## ##..........
...............####.PY........
..P##............##PPY........
..#######...##..##..WY........
...##P# #####....YY...Z.......
......## #.#.@YY.ZY.Z......
.....#.# #.....g.Y.Z....P#.
#......## ##.P..#........P##
##.#....####.#...##.........#
###......#..................#
##......########w#########.
##.##..# ♣♣.. #####.# .♣ ###


You could see 2 death yaks, 2 elephants, 3 yaks, 2 dream sheep, a gnoll shaman,
a friendly shadow wraith (summoned, invisible, slow), a friendly bound
six-headed hydra (slow), a friendly yak zombie (slow) and 2 friendly elephant
zombies.

Vanquished Creatures
  A hydra (Lair:1)
  A two-headed ogre (D:10)
  A catoblepas (Lair:4)
  A tengu warrior (D:11)
  4 death yaks
  An ugly thing (D:10)
  A black mamba (Lair:3)
  An unseen horror (D:11)
  8 cane toads
  A kobold demonologist (D:11)
  3 komodo dragons (Lair:3)
  2 merfolk (Lair:2)
  2 trolls (D:9)
  Prince Ribbit (D:8)
  7 blink frogs
  A shadow (D:11)
  Sigmund (D:4)
  A wyvern (D:5)
  4 wraiths
  24 yaks
  2 basilisks
  A steam dragon (D:8)
  5 vampire mosquitoes
  2 nagas (Lair:4)
  5 water moccasins
  6 orc warriors
  A swamp drake (D:10)
  4 ogres
  A black bear (D:7)
  2 wolves (Lair:4)
  3 centaurs
  A gnoll sergeant (D:6)
  3 kobold brigands
  14 bullfrogs
  A necrophage (D:8)
  2 scorpions (D:6)
  4 wights (D:9)
  4 killer bees (D:8)
  4 crimson imps
  A hound (D:6)
  3 jellies
  Crazy Yiuf (D:3)
  6 orc priests
  Ijyb (D:4)
  Natasha (thrice) (D:3)
  Terence (D:3)
  8 iguanas
  12 orc wizards
  A mummy (Ossuary)
  Robin (D:3)
  7 gnolls
  A river rat (D:9)
  9 adders
  2 shadow imps (D:8)
  4 white imps
  An ufetubus (D:3)
  4 worms
  3 dart slugs
  61 orcs
  5 bats
  5 endoplasms
  3 giant cockroaches
  11 goblins
  8 hobgoblins
  6 jackals
  11 kobolds
  7 quokkas
  9 ball pythons
  17 frilled lizards
  5 gnoll skeletons (Ossuary)
  8 kobold skeletons (Ossuary)
  12 orc skeletons (Ossuary)
  6 rats
374 creatures vanquished.

Vanquished Creatures (collateral kills)
  2 hydras (Lair:4)
  A death yak (Lair:5)
  The ghost of Cecur the Unseen, a journeyman SpBr of Jiyva (D:10)
  3 elephants (Lair:5)
  2 cane toads
  A komodo dragon (Lair:3)
  2 rime drakes
  2 merfolk (Lair:2)
  10 blink frogs
  A wyvern (Lair:1)
  14 yaks
  3 basilisks
  A naga (Lair:4)
  A water moccasin (Lair:1)
  An ice beast (D:8)
  A wolf (Lair:4)
  A bullfrog (Lair:1)
  A crimson imp (D:8)
  An iguana (Lair:3)
  A river rat (D:9)
  A white imp (D:8)
  5 orcs
56 creatures vanquished.

Vanquished Creatures (others)
  A troll zombie (D:9)
  A yak zombie (Lair:2)
  A bullfrog zombie (Lair:3)
  A spectral white imp (D:8)
  A kobold zombie (D:8)
  11 orc zombies
  2 river rat zombies (D:9)
  32 fungi
  51 plants
101 creatures vanquished.

Grand Total: 531 creatures vanquished

Notes
Turn   | Place    | Note
-------+----------+-------------------------------------------
     0 | D:1      | siradein the Minotaur Fighter began the quest for the Orb.
     0 | D:1      | Reached XP level 1. HP: 19/19 MP: 0/0
   246 | D:1      | Found a faded altar of an unknown god.
   324 | D:1      | Reached XP level 2. HP: 27/27 MP: 1/1
   540 | D:1      | Reached skill level 3 in Maces & Flails
   910 | D:1      | Reached skill level 1 in Dodging
   933 | D:1      | Reached XP level 3. HP: 33/33 MP: 2/2
  1888 | D:3      | Reached XP level 4. HP: 40/40 MP: 3/3
  2007 | D:3      | Noticed Robin
  2037 | D:3      | Reached skill level 4 in Maces & Flails
  2040 | D:3      | Killed Robin
  2243 | D:3      | Reached XP level 5. HP: 42/47 MP: 4/4
  2642 | D:3      | Identified the +6 dagger "Ruinuxt" {vorpal, Dex+2}
  2650 | D:3      | Noticed Terence
  2656 | D:3      | Killed Terence
  2691 | D:3      | Noticed Natasha
  2697 | D:3      | Killed Natasha
  2800 | D:3      | Found a runed translucent door.
  2801 | D:3      | Noticed Crazy Yiuf
  3038 | D:3      | Noticed Natasha
  3043 | D:3      | Killed Natasha
  3044 | D:3      | Reached XP level 6. HP: 53/53 MP: 5/5
  3077 | D:3      | Noticed Natasha
  3088 | D:3      | Killed Natasha
  3089 | D:3      | Reached skill level 5 in Maces & Flails
  3152 | D:3      | Killed Crazy Yiuf
  3194 | D:4      | Reached skill level 5 in Shields
  3198 | D:4      | Noticed Sigmund
  3205 | D:4      | Killed Sigmund
  3206 | D:4      | Reached skill level 5 in Fighting
  3206 | D:4      | Reached skill level 5 in Armour
  3206 | D:4      | Reached XP level 7. HP: 22/61 MP: 6/6
  3439 | D:4      | Reached skill level 6 in Maces & Flails
  3770 | D:4      | Noticed Ijyb
  3776 | D:4      | Killed Ijyb
  3876 | D:4      | Identified the +8 mace of Discord {vorpal, rElec rF+ Str+4
                  | Int-2}
  3937 | D:4      | Found a shadowy altar of Dithmenos.
  4051 | D:4      | Found Ebydiocoah's Weapon Shop.
  4320 | D:5      | Entered Level 5 of the Dungeon
  4511 | D:5      | Reached XP level 8. HP: 34/70 MP: 7/7
  4683 | D:5      | Reached skill level 7 in Maces & Flails
  5259 | D:6      | Reached skill level 8 in Maces & Flails
  5269 | D:6      | Found a sand-covered staircase.
  5274 | Ossuary  | Entered an ossuary
  5330 | Ossuary  | Reached skill level 5 in Dodging
  6188 | D:6      | Reached XP level 9. HP: 68/78 MP: 8/8
  6698 | D:7      | Found a staircase to the Ecumenical Temple.
  6719 | Temple   | Entered the Ecumenical Temple
  6831 | Temple   | Became a worshipper of Yredelemnul the Dark
  7010 | D:7      | You fall into a shaft and drop 3 floors!
  7010 | D:10     | Entered Level 10 of the Dungeon
  7010 | D:10     | Noticed a two-headed ogre
  7018 | D:10     | Killed a two-headed ogre
  7019 | D:10     | Reached skill level 9 in Maces & Flails
  7019 | D:10     | Reached skill level 1 in Invocations
  7019 | D:10     | Reached skill level 1 in Evocations
  7034 | D:10     | Found a runed translucent door.
  7034 | D:10     | Noticed Cecur's ghost (journeyman SpBr)
  7076 | D:10     | Reached * piety under Yredelemnul
  7394 | D:9      | Noticed a troll
  7401 | D:9      | Killed a troll
  7453 | D:9      | Reached skill level 10 in Maces & Flails
  7481 | D:9      | Reached XP level 10. HP: 51/86 MP: 7/10
  7896 | D:9      | Found Qeimn's Armour Shoppe.
  7915 | D:9      | Bought a +2 pair of boots for 264 gold pieces
  7980 | D:8      | Noticed Prince Ribbit
  8002 | D:8      | Killed Prince Ribbit
  8281 | D:7      | Identified a scroll of acquirement
  8847 | D:8      | Reached ** piety under Yredelemnul
  9043 | D:9      | Found Poghocw's Antique Weapon Boutique.
  9068 | D:9      | Identified the +7 flail "Dragonslayer" {protect, rElec rF-
                  | rN+}
  9360 | D:9      | Noticed a death yak
  9385 | D:9      | Killed a death yak
  9386 | D:9      | Reached skill level 11 in Maces & Flails
  9452 | D:9      | Found a staircase to the Lair.
  9453 | D:9      | Noticed a death yak
  9454 | D:9      | Noticed a death yak
  9465 | D:9      | Killed a death yak
  9465 | D:9      | Reached *** piety under Yredelemnul
  9469 | D:9      | Killed a death yak
  9556 | D:9      | Found Usaimm's Distillery.
  9567 | D:9      | Bought a potion of attraction for 33 gold pieces
  9567 | D:9      | Bought a potion of lignification for 33 gold pieces
  9567 | D:9      | Bought a potion of curing for 33 gold pieces
  9714 | D:10     | Reached XP level 11. HP: 75/95 MP: 9/12
  9865 | D:10     | Found a runed translucent door.
  9865 | D:10     | Noticed a fire dragon
  9865 | D:10     | Noticed a fire dragon
  9865 | D:10     | Noticed an ice dragon
  9865 | D:10     | Found the +2 shield of Resistance {rF++ rC++ Will++}
  9866 | D:10     | Noticed an ice dragon
  9870 | D:10     | Found a runed translucent door.
 10003 | D:10     | Found a portal to a secret trove of treasure.
 10159 | D:10     | Reached **** piety under Yredelemnul
 10242 | D:10     | Found a staircase to the Orcish Mines.
 10426 | D:10     | Killed Cecur's ghost
 10516 | D:11     | Noticed a white ugly thing
 10540 | D:10     | Killed a white ugly thing
 10560 | D:11     | Reached skill level 12 in Maces & Flails
 10562 | D:11     | Noticed a tengu warrior
 10770 | D:11     | Killed a tengu warrior
 11282 | D:11     | Noticed a sixfirhy
 11780 | Lair:1   | Entered Level 1 of the Lair of Beasts
 11922 | Lair:1   | Reached skill level 5 in Invocations
 11995 | Lair:1   | Reached ***** piety under Yredelemnul
 12274 | Lair:1   | Noticed a six-headed hydra
 12280 | Lair:1   | Killed a six-headed hydra
 12281 | Lair:1   | Reached ****** piety under Yredelemnul
 12281 | Lair:1   | Reached XP level 12. HP: 100/105 MP: 12/15
 12290 | Lair:1   | Reached skill level 13 in Maces & Flails
 12722 | Lair:2   | Found a transporter.
 12754 | Lair:2   | Reached skill level 5 in Evocations
 12950 | Lair:2   | Found a transporter.
 13078 | Lair:2   | Found a staircase to the Shoals.
 13454 | Lair:2   | Reached skill level 10 in Shields
 14287 | Lair:3   | Reached skill level 10 in Fighting
 14291 | Lair:3   | Reached skill level 10 in Armour
 14892 | Lair:3   | Identified the -1 pair of gloves "Ethyjy" {rF+ MP+9 Str+8
                  | Dex-4}
 15047 | Lair:3   | Noticed a six-headed hydra
 15056 | Lair:3   | Killed a six-headed hydra
 15056 | Lair:3   | Enslaved a six-headed hydra
 15508 | Lair:4   | Found a transporter.
 15517 | Lair:4   | Reached skill level 14 in Maces & Flails
 15575 | Lair:4   | Found a staircase to the Snake Pit.
 15667 | Lair:4   | Noticed a four-headed hydra
 15675 | Lair:4   | Killed a four-headed hydra
 15699 | Lair:4   | Reached XP level 13. HP: 92/114 MP: 16/16
 16310 | Lair:4   | Found a transporter.
 16361 | Lair:4   | Noticed cojito's ghost (journeyman PaHu)
 16364 | Lair:4   | Found a bloodstained altar of Trog.
 16496 | Lair:5   | Annihilated by a death yak

Illustrated notes

Levels and vault maps discovered:
D:1:      minmay_arrival_glassed_features, layout_basic,
          hellmonk_ecumenical_altar_blasted, hex_intersection
D:2:      layout_basic
D:3:      layout_basic, minmay_lizard_king, uniq_terence, uniq_robin,
          uniq_crazy_yiuf_cottage, uniq_natasha
D:4:      layout_loops_ring, mainiacjoe_overflow_small_starburst, serial_shops,
          nicolae_take_the_stairs, uniq_sigmund, uniq_ijyb
D:5:      layout_cave_pools
D:6:      layout_cave_pools, nicolae_ossuary_entry_plus, minmay_fire_ice_demons
D:7:      layout_cave_pools, minmay_temple_entry_sparse_star,
          minmay_misc_feat_nine_boxes, minmay_misc_feat_tower, hex_medium
D:8:      layout_basic, minmay_nine_imps, uniq_prince_ribbit1
D:9:      layout_roguey [special_room_orc], dpeg_lair_monsters, serial_shops,
          nicolae_diamond_shop, shop, nicolae_lakefront_shop
D:10:     layout_rooms, erik_orc_1, nicolae_trove_entry_diagonal,
          hellmonk_ghost_happy_afterlife, minmay_guarded_unrand_resistance
D:11:     layout_cave_pools, chequers_serial_rivers_room_b,
          hangedman_abyss_or_decor_stabs, water_maze_lemuel
Temple:   kilobyte_greek_temple
Lair:1:   layout_chaotic_city, lemuel_fruit_fields
Lair:2:   gammafunk_cloud_chamber, layout_hall_layers,
          elwin_shoals_entry_stream, grunt_megastairs_4
Lair:3:   beast_lair_carwin_large_2, layout_cave_pods, minmay_holes,
          grunt_megastairs_2
Lair:4:   layout_long_grid, guppyfry_snake_entry_garden,
          gammafunk_ghost_wrathful_warriors
Lair:5:   nzn_winding_woodlands_cross [nzn_winding_woodlands_5x15_jagged,
          nzn_winding_woodlands_5x15_eye,
          nzn_winding_woodlands_5x15_river_crossing,
          nzn_winding_woodlands_5x15_cabin,
          nzn_winding_woodlands_15x15_thick_spiral], layout_cave_pods,
          slime_altar_1, dreamdust_gnoll_shepherd

Skill      XL: |  1  2  3  4  5  6  7  8  9 10 11 12 13 |
---------------+----------------------------------------+-----
Maces & Flails | 3 4 5 6 8 10 11 12 14 | 14.6
Dodging        | 1 2 3 4 5 6 7 8 9 |  9.4
Armour         | 4 5 6 7 8 9 10 | 10.8
Shields        | 4 5 6 7 8 9 10 | 10.9
Fighting       | 4 5 6 7 8 9 10 | 10.7
Invocations    | 2 3 5 6 |  6.8
Evocations     | 2 3 4 5 6 |  6.2

Action                   |  1- 3 |  4- 6 |  7- 9 | 10-12 | 13-15 || total
-------------------------+-------+-------+-------+-------+-------++-------
Melee: Flail             |    78 |       |       |   443 |    50 ||   571
       Headbutt          |    12 |    22 |    35 |   145 |    11 ||   225
       Whip              |    33 |   139 |    40 |       |       ||   212
       Mace              |       |       |   225 |   121 |       ||   346
Throw: Throwing net      |       |       |     2 |       |       ||     2
Invok: Dark Bargain      |       |       |       |     1 |     1 ||     2
       Recall Undead Har |       |       |       |     1 |     2 ||     3
       Bind Soul         |       |       |       |     1 |       ||     1
  Use: Scroll            |       |       |     6 |     6 |       ||    12
 Stab: Held in net/web   |       |       |     2 |       |       ||     2
       Distracted        |       |       |     1 |     2 |       ||     3
Armor: Scale mail        |     5 |       |       |       |       ||     5
       Chain mail        |    68 |    34 |    82 |   200 |    16 ||   400
       Plate armour      |       |    20 |    13 |       |       ||    33
Dodge: Dodged            |    42 |    51 |   140 |   287 |    16 ||   536
Block: Buckler           |    26 |    32 |    56 |   163 |    25 ||   302
       Reflection        |       |       |       |       |     2 ||     2

Table legend: (Time is in decaauts)
 A = Elapsed time spent in this place.
 B = Non-inter-level travel time spent in this place.
 C = Inter-level travel time spent in this place.
 D = Time resting spent in this place.
 E = Time spent auto-exploring this place.
 F = Levels seen in this place.
 G = Mean time per level.
                   A        B        C        D        E       F      G
               +--------+--------+--------+--------+--------+-----+--------+
         Total |  16436 |  16012 |    424 |   2077 |  11099 |  18 |  913.1 |
       Dungeon |  11405 |  11090 |    315 |   1826 |   7215 |  11 | 1036.8 |
        Temple |    152 |    152 |      0 |      0 |    104 |   1 |  152.0 |
          Lair |   4641 |   4533 |    108 |    251 |   3621 |   5 |  928.2 |
       Ossuary |    236 |    236 |      0 |      0 |    159 |   1 |  236.0 |
               +--------+--------+--------+--------+--------+-----+--------+

Top non-repeatable levels by time:
  Lair:3: 1508 daAuts
     D:5: 1487 daAuts
    D:10: 1438 daAuts
     D:3: 1292 daAuts
     D:9: 1238 daAuts
  Lair:1: 1185 daAuts
     D:4: 1154 daAuts
     D:1: 1113 daAuts
    D:11: 1048 daAuts
  Lair:2: 954 daAuts
  Lair:4: 902 daAuts
     D:2: 781 daAuts
     D:8: 780 daAuts
     D:6: 648 daAuts
     D:7: 421 daAuts
